 Dungeon Crawl Stone Soup version 0.30-a0-1082-g70414cbcbb (webtiles) character file.

Game seed: 1573937140492111157

79 Lobster4 the Gusty (level 4, 0/25 HPs)
             Began as a Tengu Air Elementalist on Apr 15, 2023.
             Slain by a gnoll
             ... wielding a +0 flail
              (2 damage)
             ... on level 2 of the Dungeon.
             The game lasted 00:06:49 (1739 turns).

Lobster4 the Gusty (Tengu Air Elementalist)         Turns: 1739, Time: 00:06:50

Health: 0/25       AC:  2    Str:  8    XL:     4   Next: 38%
Magic:  7/8        EV: 12    Int: 18    God:
Gold:   77         SH:  0    Dex: 14    Spells: 3/7 levels left

rFire   . . .      SeeInvis .    a - +0 short sword
rCold   . . .      Faith    .    (no shield)
rNeg    . . .      Spirit   .    e - +0 robe
rPois   +          Reflect  .    (helmet restricted)
rElec   .          Rampage  .    (no cloak)
rCorr   .                        (no gloves)
Will    .....                    (boots unavailable)
Stlth   ++                       (no amulet)
HPRegen 0.24/turn                d - ring of poison resistance
MPRegen 0.11/turn                (no ring)

@: hasted, very quick
A: beak, talons 3
a: no special abilities


You were on level 2 of the Dungeon.
You visited 1 branch of the dungeon, and saw 2 of its levels.

You collected 77 gold pieces.

Inventory:

Hand Weapons
 a - a +0 short sword (weapon)
 b - a +0 sling
Missiles
 c - 6 atropa-tipped darts
Armour
 e - a +0 robe (worn)
Jewellery
 d - a ring of poison resistance (left hand)
Scrolls
 l - a scroll of identify
Potions
 n - a potion of cancellation {unknown}


   Skills:
 + Level 1.0 Fighting
 + Level 1.2 Short Blades
 + Level 0.3 Ranged Weapons
 + Level 1.1 Throwing
 + Level 1.2 Armour
 + Level 2.5 Dodging
 - Level 2.0 Stealth
 + Level 2.3 Spellcasting
 + Level 2.2 Conjurations
 + Level 4.4 Air Magic


You had 3 spell levels left.
You knew the following spells:

 Your Spells              Type           Power      Damage    Failure   Level
a - Shock                 Conj/Air       56%        1d6       4%          1
b - Swiftness             Air            17%        N/A       9%          3

Your spell library contained the following spells:

 Spells                   Type           Power      Damage    Failure   Level
 Static Discharge         Conj/Air       28%        2-4/arc   7%          2
 Portal Projectile        Hex/Tloc       4%         N/A       47%         3
 Tukima's Dance           Hex            2%         N/A       47%         3
 Airstrike                Air            8%         2d(2-18)  28%         4
 Blade Hands              Tmut           1%         N/A       99%         5


Dungeon Overview and Level Annotations

Branches:
Dungeon (2/15)

Altars:

Shops:
D:1 (:??:

Annotations:
D:2 exclusion: 2 gnolls


Innate Abilities, Weirdness & Mutations

You have a beak for a mouth.
You have claws for feet.


Message History

You feel quick. The gnoll closely misses you. x2
Found 15 gold pieces.
You start to feel a little slower.
You feel sluggish.
An adder comes into view.
The adder hisses angrily.
The adder moves out of view.
You feel your willpower return. The adder closely misses you.
The adder misses you.
You start to feel a little faster.
The adder closely misses you. The adder attacks as you move away!
The adder bites you. The adder bites you but does no damage.
The adder barely misses you. The adder closely misses you.
The adder attacks as you move away! The adder bites you.
You no longer feel sluggish.
The adder bites you.
You are poisoned.
The adder poisons you! The gnoll hits you with a +0 flail.
The adder attacks as you move away! The adder closely misses you.
You feel sick. The gnoll attacks as you move away!
The gnoll hits you with a +0 flail!
* * * LOW HITPOINT WARNING * * *
x2 You feel sick.
You enter the shallow water.
Moving in this stuff is going to be slow.
* * * LOW HITPOINT WARNING * * *
You feel sick. The adder closely misses you.
You feel sick.
You are no longer poisoned.
The adder bites you but does no damage.
Okay, then.
Unknown command.
Unknown command.
Okay, then.
Okay, then.
It was a potion of haste.
You feel yourself speed up. The adder bites you but does no damage.
The gnoll hits you with a +0 flail.
You die...

##* *..,.,* #.##.#
*#.###.###.* #.##.#
,.......##.* #.##.###
.###.##..#.#### ###.##...#
......#.#.....###...#..#.#####
##.##...#.....#≈#.......>....#
....#.#.####..#≈#...#.....##.#
.##...#........g.##.####..##.#
..#.#.#.#......S@)........##.#
#...#...#....#.~....####.###.#
..#.#.#.#######≈#.#<.........#
.##...#..### #≈#.######.#####
....#.#.#..# #≈#......#.#
##.##...#..# ########.#.#
......#.#..# #.#.#
.###.##....# ###.#.#
........#..# #...#.########


You could see a gnoll and an adder.

Vanquished Creatures
  2 gnolls (D:2)
  2 adders (D:2)
  A worm (D:2)
  3 dart slugs (D:1)
  4 ball pythons
  4 bats
  3 endoplasms
  A giant cockroach (D:1)
  2 goblins (D:1)
  4 hobgoblins
  A quokka (D:1)
  4 frilled lizards
  3 kobolds
  3 rats
37 creatures vanquished.

Notes
Turn   | Place    | Note
-------+----------+-------------------------------------------
     0 | D:1      | Lobster4 the Tengu Air Elementalist began the quest for the
                  | Orb.
     0 | D:1      | Reached XP level 1. HP: 10/10 MP: 4/4
    17 | D:1      | Found Rutt's Book Emporium.
    96 | D:1      | Found Nuamn's Magic Scroll Boutique.
   253 | D:1      | Found Okyppan's Book Shoppe.
   261 | D:1      | Reached XP level 2. HP: 15/15 MP: 3/6
   293 | D:1      | Found Dyrgho Wozxy's Magic Scroll Boutique.
   659 | D:1      | Found Miti's Weapon Boutique.
   892 | D:1      | Reached XP level 3. HP: 20/20 MP: 3/7
  1113 | D:2      | Reached skill level 1 in Short Blades
  1195 | D:2      | Reached skill level 1 in Armour
  1340 | D:2      | Learned a level 3 spell: Swiftness
  1470 | D:2      | Reached XP level 4. HP: 24/24 MP: 3/8
  1610 | D:2      | Reached skill level 1 in Fighting
  1610 | D:2      | Reached skill level 1 in Throwing
  1692 | D:2      | HP: 1/25 [gnoll/+0 flail (4)]
  1739 | D:2      | Slain by a gnoll

Illustrated notes

Levels and vault maps discovered:
D:1:      psy_arrival_statuary, layout_loops_ring, serial_shops,
          nicolae_shop_crystal, shop_fountains, shop_statue,
          nicolae_shop_hallway_stairs, shop, dreamdust_princess_corridor,
          kennysheep_flooded_box, st_stairs_8
D:2:      layout_basic, serial_rivers, chequers_serial_rivers_large_b,
          chequers_serial_rivers_micro_c, chequers_serial_rivers_micro_a,
          chequers_serial_rivers_marsh, chequers_serial_rivers_micro_c,
          chequers_serial_rivers_micro_c,
          shapermc_ecumenical_altar_starsandcircs, minivault_4,
          nicolae_concentric_dashed_squares_wild, minmay_misc_feat_alley,
          minmay_close_crescents

Skill      XL: |  1  2  3  4 |
---------------+-------------+-----
Short Blades   | 1 |  1.2
Armour         | 1 |  1.2
Conjurations   | 2 |  2.2
Fighting       | 1 |  1.0
Throwing       | 1 |  1.1
Ranged Weapons | |  0.3
Dodging        | |  2.5
Stealth        | |  2.0
Spellcasting   | |  2.3
Air Magic      | |  4.4

Action                     |  1- 3 |  4- 6 || total
---------------------------+-------+-------++-------
  Melee: Short sword       |     1 |     1 ||     2
   Cast: Shock             |    63 |    17 ||    80
         Swiftness         |       |     1 ||     1
    Use: Scroll            |     2 |     3 ||     5
         Potion            |       |     5 ||     5
 Armour: Robe              |     2 |     3 ||     5
  Dodge: Dodged            |    12 |    18 ||    30

Table legend: (Time is in decaauts)
 A = Elapsed time spent in this place.
 B = Non-inter-level travel time spent in this place.
 C = Inter-level travel time spent in this place.
 D = Time resting spent in this place.
 E = Time spent auto-exploring this place.
 F = Levels seen in this place.
 G = Mean time per level.
                   A        B        C        D        E       F      G
               +--------+--------+--------+--------+--------+-----+--------+
         Total |   1739 |   1715 |     24 |     87 |   1322 |   2 |  869.5 |
       Dungeon |   1739 |   1715 |     24 |     87 |   1322 |   2 |  869.5 |
               +--------+--------+--------+--------+--------+-----+--------+

Top non-repeatable levels by time:
     D:1: 1047 daAuts
     D:2: 692 daAuts
